 Dungeon Crawl Stone Soup version 0.26-a0-30-g56b8cd3df0 (webtiles) character file.

Game seed: 4095226205633812710, levelgen mode: deterministic

7177 xccam the Slinger (level 11, -15/74 HPs)
             Began as a Halfling Hunter on June 3, 2020.
             Was a Believer of Okawaru.
             Killed from afar by a deep elf mage (27 damage)
             ... with a bolt of magma
             ... in a bailey.
             The game lasted 00:19:56 (9975 turns).

xccam the Slinger (Halfling Hunter)                 Turns: 9975, Time: 00:19:56

Health: -15/74     AC: 11    Str: 13    XL:     11   Next: 32%
Magic:  11/11      EV: 18    Int:  7    God:    Okawaru [**....]
Gold:   278        SH: 10    Dex: 25    Spells: 10/10 levels left

rFire    . . .     SeeInvis .   a - +1 hunting sling
rCold    . . .     Gourm    .   v - +2 buckler
rNeg     + . .     Faith    .   B - +1 scale mail of Okawaru's Benevolence {rPois rN+ Int-2 Dex+6}
rPois    +         Spirit   .   u - +0 helmet
rElec    .         Reflect  .   (no cloak)
rCorr    .         Harm     .   (no gloves)
MR       .....                  D - +0 pair of boots
Stlth    +.........             (no amulet)
HPRegen  0.22/turn              (no ring)
MPRegen  0.12/turn              (no ring)

@: no status effects
A: small, mutation resistance 1
a: Heroism, Renounce Religion


You were in a bailey.
You worshipped Okawaru.
Okawaru was pleased with you.
You were not hungry.

You visited 2 branches of the dungeon, and saw 10 of its levels.
You also visited: Bailey.

You collected 503 gold pieces.
You spent 225 gold pieces at shops.

Inventory:

Hand Weapons
 a - a +1 hunting sling (weapon)
 b - a +0 short sword
 c - the +10 whip of Amorality {freeze, rF++ rC- Int+4 Dex+3}
   (You took it off a gnoll on level 6 of the Dungeon)

   It has been specially enchanted to freeze those struck by it, causing extra
   injury to most foes and up to half again as much damage against particularly
   susceptible opponents.
   It can also slow down cold-blooded creatures.
   It affects your intelligence (+4).
   It affects your dexterity (+3).
   It greatly protects you from fire.
   It makes you vulnerable to cold.
 w - a +0 rapier
Missiles
 d - 35 sling bullets (quivered)
 e - 50 stones
Armour
 u - a +0 helmet (worn)
 v - a +2 buckler (worn)
 B - the +1 scale mail of Okawaru's Benevolence (worn) {rPois rN+ Int-2 Dex+6}
   (You bought it in a shop on level 6 of the Dungeon)

   It affects your intelligence (-2).
   It affects your dexterity (+6).
   It protects you from poison.
   It protects you from negative energy.
 D - a +0 pair of boots (worn)
Wands
 o - a wand of iceblast (2)
 s - a wand of flame (17)
 C - a wand of disintegration (5)
Scrolls
 g - 2 scrolls of identify
 h - 4 scrolls of remove curse
 q - 2 scrolls of amnesia
 t - 2 scrolls of immolation
 x - a scroll of enchant weapon
 y - 2 scrolls of fog
Potions
 p - a potion of mutation
 A - a potion of magic
Comestibles
 f - 17 rations


   Skills:
 + Level 6.4 Fighting
 + Level 8.0 Short Blades
 - Level 12.9 Slings
 + Level 7.3 Armour
 + Level 7.7 Dodging
 - Level 1.1 Stealth
 - Level 5.6 Shields


You had 10 spell levels left.
You didn't know any spells.
Your spell library contained the following spells:

 Spells                   Type           Power        Failure   Level  Hunger
 Animate Skeleton         Necr           N/A          87%         1    ##.....
 Pain                     Necr           #...         87%         1    ##.....
 Vampiric Draining        Necr           #.........   99%         3    ####...
 Animate Dead             Necr           N/A          100%        4    #####..
 Agony                    Necr           #.......     100%        5    ######.


Dungeon Overview and Level Annotations

Branches:
Dungeon (9/15)             Temple (1/1) D:7          Bailey (1/1)
   Lair: D:8-11         Orc: D:9-12

Altars:
Ashenzari
Cheibriados
Dithmenos
Elyvilon
Fedhas
Gozag
Hepliaklqana
Kikubaaqudgha
Makhleb
Nemelex Xobeh
Okawaru
Qazlal
Ru
Sif Muna
Trog
Uskayaw
Vehumet
Wu Jian
Xom
Yredelemnul
Zin
The Shining One

Shops:
D:6 [(=[


Innate Abilities, Weirdness & Mutations

You are small and have problems with some larger weapons.
You are somewhat resistant to further mutation.


Message History

You assume a fearsome visage.
The deep elf mage looks frightened! x2
The deep elf mage mumbles some strange words.
The deep elf mage blinks!
The deep elf mage gestures wildly while chanting.
The deep elf mage blinks!
The deep elf mage mumbles some strange words.
The deep elf mage blinks!
The deep elf mage mumbles some strange words.
The deep elf mage blinks!
The deep elf mage casts a spell.
The deep elf mage blinks!
The deep elf mage mumbles some strange words.
The deep elf mage blinks!
The deep elf mage mumbles some strange words.
The deep elf mage blinks!
A deep elf mage comes into view. It is wielding a +0 long sword.
The deep elf mage shouts!
The deep elf mage points at you and mumbles some strange words.
The bolt of magma hits you!!
You die...

.. .. .###
###. ##...#
#...## #....e
...(.# #.....
.....# #.....
.(...#
#....#(...#
#####@#
##....#....#
#...).#.....#
#..∩§.#.....#
#.....#.....#
###.§.###...##
##..##'######.
#....##...##
..
#....#.....#


You could see a deep elf mage.

Vanquished Creatures
  A two-headed ogre (D:8)
  4 deep elf magi (Bailey)
  Pikel (D:6)
  Sigmund (D:6)
  Eustachio (D:6)
  7 yaks
  A human (D:7)
  2 hogs (D:7)
  A hungry ghost (D:8)
  2 slaves (D:6)
  2 orc warriors (D:7)
  A hornet zombie (D:7)
  2 sky beasts
  8 ogres
  A crocodile (D:8)
  4 bullfrogs
  A scorpion (D:4)
  3 howler monkeys
  2 vampire bats (D:3)
  A bullfrog zombie (D:6)
  A centaur zombie (D:6)
  2 crimson imps
  3 bullfrog skeletons
  An orc priest (D:7)
  A hound (D:6)
  A jelly (D:7)
  An iguana (D:7)
  7 orc wizards
  3 worker ants
  2 hound skeletons
  9 gnolls
  7 adders
  4 shadow imps
  2 oozes
  3 worms
  2 dart slugs (D:1)
  5 leopard geckos
  36 orcs
  15 bats
  2 giant cockroaches
  10 goblins
  10 hobgoblins
  15 jackals
  3 quokkas
  A ball python (D:6)
  4 frilled lizards
  7 kobolds
  A leopard gecko skeleton (D:4)
  2 quokka zombies
  4 rats
210 creatures vanquished.

Notes
Turn   | Place    | Note
-------+----------+-------------------------------------------
     0 | D:1      | xccam the Halfling Hunter began the quest for the Orb.
     0 | D:1      | Reached XP level 1. HP: 14/14 MP: 1/1
    18 | D:1      | Reached skill level 6 in Slings
    63 | D:1      | Reached XP level 2. HP: 19/19 MP: 2/2
   206 | D:1      | Reached skill level 7 in Slings
   206 | D:1      | Reached XP level 3. HP: 24/24 MP: 3/3
   978 | D:2      | Reached XP level 4. HP: 29/29 MP: 4/4
  1239 | D:2      | Found a faded altar of an unknown god.
  1246 | D:2      | Became a worshipper of Sif Muna the Loreminder
  1246 | D:2      | Reached * piety under Sif Muna
  1352 | D:2      | Reached skill level 8 in Slings
  1508 | D:3      | Found a shadowy altar of Dithmenos.
  1718 | D:3      | Reached XP level 5. HP: 16/34 MP: 5/5
  1723 | D:3      | Reached ** piety under Sif Muna
  1741 | D:3      | Fell from the grace of Sif Muna
  2005 | D:3      | Noticed an ogre
  2014 | D:3      | Killed an ogre
  2014 | D:3      | Reached skill level 9 in Slings
  2014 | D:3      | Reached XP level 6. HP: 10/39 MP: 6/6
  2157 | D:3      | Reached skill level 10 in Slings
  2488 | D:3      | Noticed an ogre
  2498 | D:3      | Killed an ogre
  2498 | D:3      | Reached skill level 11 in Slings
  2498 | D:3      | Reached XP level 7. HP: 44/44 MP: 7/7
  2898 | D:4      | Found a sacrificial altar of Ru.
  3486 | D:4      | Found a blossoming altar of Fedhas.
  3492 | D:4      | Found a bloodstained altar of Trog.
  3492 | D:4      | Found a glowing silver altar of Zin.
  3505 | D:4      | Found a shimmering altar of Xom.
  3507 | D:4      | Found a glowing golden altar of the Shining One.
  3574 | D:4      | Reached skill level 12 in Slings
  3792 | D:4      | Reached skill level 1 in Short Blades
  3792 | D:4      | Reached skill level 1 in Armour
  3792 | D:4      | Reached XP level 8. HP: 29/50 MP: 8/8
  4135 | D:5      | Entered Level 5 of the Dungeon
  4576 | D:5      | Found a basalt altar of Yredelemnul.
  4812 | D:6      | Identified the +10 whip of Amorality {freeze, rF++ rC-
                  | Int+4 Dex+3}
  5022 | D:6      | Found Xedis's Weapon Shop.
  5058 | D:6      | Reached skill level 1 in Shields
  5344 | D:6      | Noticed Sigmund
  5349 | D:6      | Killed Sigmund
  5357 | D:6      | Reached XP level 9. HP: 56/56 MP: 9/9
  5371 | D:6      | Noticed Pikel
  5410 | D:6      | Killed Pikel
  5410 | D:6      | Reached skill level 5 in Shields
  5643 | D:6      | Found Lotys Cidd's Jewellery Shop.
  5660 | D:6      | Noticed Eustachio
  5690 | D:6      | Killed Eustachio
  6028 | D:6      | Found Hitaog's Antique Armour Boutique.
  6034 | D:6      | Bought a jewelled scale mail for 225 gold pieces
  6044 | D:6      | Identified the +1 scale mail of Okawaru's Benevolence
                  | {rPois rN+ Int-2 Dex+6} (You bought it in a shop on level 6
                  | of the Dungeon)
  6175 | D:6      | Found Evyhe's Antique Armour Emporium.
  6708 | D:7      | Reached XP level 10. HP: 36/63 MP: 10/10
  6709 | D:7      | Reached skill level 5 in Dodging
  6721 | D:7      | Reached skill level 5 in Short Blades
  6743 | D:7      | Reached skill level 5 in Armour
  7459 | D:7      | Found a staircase to the Ecumenical Temple.
  7469 | Temple   | Entered the Ecumenical Temple
  7552 | Temple   | Became a worshipper of Warmaster Okawaru
  7960 | D:8      | Reached skill level 5 in Fighting
  8043 | D:8      | Noticed a two-headed ogre
  8061 | D:8      | Killed a two-headed ogre
  8657 | D:8      | Found an ancient bone altar of Kikubaaqudgha.
  8764 | D:8      | Found a sparkling altar of Nemelex Xobeh.
  8876 | D:8      | Was forgiven by Sif Muna
  9524 | D:9      | Reached * piety under Okawaru
  9543 | D:9      | Reached XP level 11. HP: 32/72 MP: 11/11
  9866 | D:9      | Found a flagged portal.
  9880 | Bailey   | Entered a bailey
  9888 | Bailey   | Noticed a deep elf mage
  9905 | Bailey   | Killed a deep elf mage
  9905 | Bailey   | Reached ** piety under Okawaru
  9923 | Bailey   | Noticed a deep elf mage
  9925 | Bailey   | Noticed a deep elf mage
  9927 | Bailey   | Noticed a deep elf mage
  9938 | Bailey   | Killed a deep elf mage
  9952 | Bailey   | Killed a deep elf mage
  9953 | Bailey   | Noticed a deep elf mage
  9962 | Bailey   | Killed a deep elf mage
  9962 | Bailey   | Noticed a deep elf mage
  9975 | Bailey   | Noticed a deep elf mage
  9975 | Bailey   | Killed from afar by a deep elf mage

Illustrated notes

Levels and vault maps discovered:
D:1:      grunt_arrival_crossed_arrows, layout_basic, minmay_misc_feat_tiny,
          kennysheep_nondescript, amethyst_killhole
D:2:      layout_loops_corners, chequers_ecumenical_altar_simple, first_ration
D:3:      layout_loops_ring, roderic_batcave, grunt_dithmenos_smoke_and_mirrors
D:4:      layout_loops_ring, minmay_overflow_temple_star_hex,
          nicolae_ru_awakened_eye
D:5:      layout_basic, serial_rivers, chequers_serial_rivers_small_b,
          chequers_serial_rivers_small_a, chequers_serial_rivers_micro_c,
          chequers_serial_rivers_micro_d, chequers_serial_rivers_marsh,
          basic_altar
D:6:      layout_loops_corners, serial_shops, shop, nicolae_shop_trees,
          shop_fountains, nicolae_shop_temple_entry_statues_fountains,
          grunt_ministairs_7, uniq_pikel, uniq_eustachio, uniq_sigmund
D:7:      layout_loops_ring, minmay_temple_entry_poolview, grunt_livestock
D:8:      minmay_weird_star, layout_layer_cave,
          nemelex_xobeh_ov_fountains_minmay, nicolae_overflow_hidden_temple
D:9:      layout_loops_ring, erik_orc_1, lightli_bailey_entry_fortress,
          serial_shops, nicolae_shop_waterfront
Temple:   regret_index_temple_waves
Bailey:   bailey_polearm_3, bailey

Skill      XL: |  1  2  3  4  5  6  7  8  9 10 11 |
---------------+----------------------------------+-----
Slings         | 6 7 8 9 11 12 | 12.9
Fighting       | 2 3 4 5 6 |  6.4
Short Blades   | 1 3 4 7 8 |  8.0
Armour         | 1 2 4 6 7 |  7.3
Dodging        | 3 4 6 7 |  7.7
Shields        | 4 5 |  5.6
Stealth        | |  1.1

Action                   |  1- 3 |  4- 6 |  7- 9 | 10-12 || total
-------------------------+-------+-------+-------+-------++-------
Melee: Whip              |       |       |       |    32 ||    32
 Fire: Hunting sling     |    96 |   138 |   462 |   344 ||  1040
Invok: Renounce Religion |       |     1 |       |       ||     1
Evoke: Wand              |       |     3 |     2 |    11 ||    16
  Use: Scroll            |       |       |     9 |     9 ||    18
       Potion            |       |       |       |     6 ||     6
  Eat: Chunk             |       |     4 |    12 |     3 ||    19
       Ration            |       |       |       |     2 ||     2
Armor: Leather armour    |     2 |    19 |     1 |       ||    22
       Ring mail         |       |       |    11 |       ||    11
       Scale mail        |       |       |     1 |    15 ||    16
       Skin              |       |       |       |    13 ||    13
Dodge: Dodged            |    17 |    40 |    46 |    47 ||   150
Block: Buckler           |       |       |    35 |    66 ||   101

Table legend:
 A = Non-vault XP
 B = Vault XP
 C = Vault XP percentage of total XP
 D = Non-vault monster count
 E = Vault monster count
 F = Vault count percentage of total count
                 A         B        C        D         E       F
            +---------+---------+-------+---------+---------+-------
      Total |    5724 |    4529 |  44.2 |     174 |      34 |  16.3
            +---------+---------+-------+---------+---------+-------
        D:1 |      45 |       0 |   0.0 |      23 |       0 |   0.0
        D:2 |      41 |       0 |   0.0 |      13 |       0 |   0.0
        D:3 |     371 |     123 |  24.9 |      37 |       9 |  19.6
        D:4 |     448 |       0 |   0.0 |      18 |       0 |   0.0
        D:5 |     327 |       0 |   0.0 |       6 |       0 |   0.0
        D:6 |     555 |    1047 |  65.4 |      23 |       5 |  17.9
        D:7 |    1107 |     975 |  46.8 |      24 |       5 |  17.2
        D:8 |    1692 |       0 |   0.0 |      17 |       0 |   0.0
        D:9 |    1138 |      50 |   4.2 |      13 |      11 |  45.8
     Bailey |       0 |    2334 | 100.0 |       0 |       4 | 100.0
            +---------+---------+-------+---------+---------+-------
